 Dungeon Crawl Stone Soup version 0.26-a0-651-gb41185065b (webtiles) character file.

Game seed: 14376098433163364048

862 gbos the Chopper (level 8, 0/51 HPs)
             Began as a Gargoyle Fighter on Oct 26, 2020.
             Slain by a wight
             ... wielding a cursed +0 dire flail
              (2 damage)
             ... on level 6 of the Dungeon.
             The game lasted 00:06:26 (6624 turns).

gbos the Chopper (Gargoyle Fighter)                 Turns: 6624, Time: 00:06:26

Health: 0/51       AC: 13    Str: 23    XL:     8   Next: 2%
Magic:  8/8        EV:  7    Int:  8    God:
Gold:   215        SH:  9    Dex:  9    Spells: 7/7 levels left

rFire    + . .     SeeInvis .   a - +1 war axe
rCold    . . .     Faith    .   c - +0 kite shield
rNeg     + . .     Spirit   .   b - +0 scale mail
rPois    ∞         Reflect  .   (no helmet)
rElec    +         Harm     .   (no cloak)
rCorr    .         Rampage  .   (no gloves)
MR       .....                  (no boots)
Stlth    ..........             m - amulet of inaccuracy
HPRegen  0.17/turn              u - ring of protection from fire
MPRegen  0.11/turn              t - ring of poison resistance

@: slowed, very slow
A: negative energy resistance 1, electricity resistance, unbreathing,
petrification resistance, rot immunity, AC +5
a: no special abilities


You were on level 6 of the Dungeon.
You visited 2 branches of the dungeon, and saw 7 of its levels.

You collected 215 gold pieces.


Innate Abilities, Weirdness & Mutations

You are resistant to torment.
Your stone body is resilient. (AC +5)
You are immune to poison.
You resist negative energy. (rN+)
You are resistant to electric shocks. (rElec)
You can survive without breathing.
You are immune to petrification.
You are immune to rotting.


   Skills:
 + Level 5.8 Fighting
 * Level 5.9 Axes
 + Level 5.8 Armour
 - Level 3.2 Shields


You had 7 spell levels left.
You didn't know any spells.
Your spell library was empty.

Inventory:

Hand Weapons
 a - a +1 war axe (weapon)
Missiles
 o - 6 javelins (quivered)
 v - a throwing net {=f}
Armour
 b - a +0 scale mail (worn)
 c - a +0 kite shield (worn)
Jewellery
 m - an amulet of inaccuracy (around neck)
 t - a ring of poison resistance (right hand)
 u - a ring of protection from fire (left hand)
Wands
 d - a wand of random effects (19)
 r - a wand of paralysis (9)
 s - a wand of flame (28)
Scrolls
 f - 5 scrolls of teleportation {@r4}
 g - 2 scrolls of remove curse
 j - 3 scrolls of enchant weapon
 l - a scroll of identify {@r1}
 p - 2 scrolls of amnesia {unknown}
 w - 2 scrolls of enchant armour {unknown}
 y - 3 scrolls of fog {unknown}
 A - a scroll of magic mapping
Potions
 e - a potion of cancellation {unknown}
 h - a potion of degeneration {!q}
 i - 2 potions of haste {@q3}
 k - 6 potions of curing {@q1}
 n - a potion of flight
 q - a potion of invisibility
 x - a potion of lignification {!q}
 z - a potion of ambrosia {unknown}
 B - a potion of brilliance {unknown}
 C - a potion of heal wounds {unknown}

Dungeon Overview and Level Annotations

Branches:
Dungeon (6/15)             Temple (1/1) D:5

Altars:
Ashenzari
Cheibriados
Dithmenos
Elyvilon
Fedhas
Gozag
Hepliaklqana
Kikubaaqudgha
Makhleb
Nemelex Xobeh
Okawaru
Qazlal
Ru
Sif Muna
Trog
Uskayaw
Vehumet
Wu Jian
Xom
Yredelemnul
Zin

Shops:
D:4 :

Annotations:
D:5 2 transporters, Irenicus's ghost, amateur DDEE

...▒▒.▒ ▒..▒▒.▒
▒..▒▒.▒ ▒..▒▒.▒
▒..▒▒.▒ ▒<.▒▒.▒
▒▒▒▒▒▒▒
▒..▒▒.▒▒▒o......
▒.▒▒▒▒..▒▒..ozz......
▒...........8ozz▒▒▒▒▒
▒▒▒▒▒▒.▒▒▒▒▒▒▒▒▒▒ ▒.▒
..▒ ▒▒▒▒


You could see 4 wights, an orc priest, an orc wizard (fast) and an orc.


Message History

You block the orc priest's attack. The orc wizard casts a spell at you.
You feel yourself slow down.
The orc wizard hits you but does no damage.
The wight hits you but does no damage.
The orc priest calls down the wrath of Beogh upon you.
Beogh smites you!
* * * LOW HITPOINT WARNING * * *
The wight hits you but does no damage. You block the orc wizard's attack.
You closely miss the orc priest.
The orc priest is heavily wounded.
You closely miss the wight. You hit the orc wizard.
The orc wizard points at you and mumbles some strange words.
The magic dart hits you.
* * * LOW HITPOINT WARNING * * *
The orc priest mumbles some strange prayers to Beogh against you.
Beogh smites you!
* * * LOW HITPOINT WARNING * * *
The wight hits you but does no damage.
The orc wizard hits you but does no damage.
The wight hits you with a cursed +0 dire flail!
* * * LOW HITPOINT WARNING * * *
The orc priest hits you with a +0 trident.
* * * LOW HITPOINT WARNING * * *
You block the wight's attack. The orc wizard barely misses you.
The wight hits you with a cursed +0 dire flail.
You die...

Action                   |  1- 3 |  4- 6 |  7- 9 || total
-------------------------+-------+-------+-------++-------
Melee: War axe           |    99 |   289 |   177 ||   565
Throw: Javelin           |       |     1 |     3 ||     4
  Use: Potion            |       |     2 |       ||     2
       Scroll            |       |    11 |       ||    11
Armor: Scale mail        |    73 |   163 |   101 ||   337
       Skin              |       |    22 |       ||    22
Dodge: Dodged            |    31 |   100 |    38 ||   169
Block: Kite shield       |    56 |   175 |    92 ||   323

Levels and vault maps discovered:
D:1:      giann_forest_graveyard, layout_basic, hangedman_glass_teeth,
          chequers_serial_rivers_micro_d, kennysheep_small_spiral
D:2:      layout_basic, eat_drink_and_be_merry_uskayaw, minmay_lizard_pond
D:3:      layout_loops_ring
D:4:      layout_loops_ring, grunt_temple_overflow_growth_and_decay,
          serial_shops, nicolae_shop_stone
D:5:      layout_basic, nicolae_overflow_hidden_temple,
          minmay_temple_entry_nine_rooms, gammafunk_ghost_hive,
          minmay_misc_feat_nine_boxes
D:6:      layout_loops_ring, overflow_temple_1_default, uniq_duvessa
Temple:   regret_index_temple_sphere_string

Notes
Turn   | Place    | Note
-------+----------+-------------------------------------------
     0 | D:1      | gbos the Gargoyle Fighter began the quest for the Orb.
     0 | D:1      | Reached XP level 1. HP: 14/14 MP: 1/1
   110 | D:1      | Reached skill level 2 in Axes
   213 | D:1      | Reached XP level 2. HP: 19/19 MP: 2/2
   872 | D:1      | Reached XP level 3. HP: 23/23 MP: 3/3
  1186 | D:2      | Reached skill level 3 in Axes
  1186 | D:2      | Reached XP level 4. HP: 25/29 MP: 4/4
  1314 | D:2      | Found a hide-covered altar of Uskayaw.
  1362 | D:2      | Reached skill level 4 in Fighting
  1362 | D:2      | Reached skill level 4 in Armour
  1775 | D:3      | HP: 5/29 [something/puff of flame (7)]
  1778 | D:3      | Reached XP level 5. HP: 3/33 MP: 5/5
  1933 | D:3      | HP: 8/33 [orc wizard/magic dart (9)]
  1938 | D:3      | HP: 5/33 [orc wizard/+0 dagger (2)]
  1945 | D:3      | HP: 1/34 [hound (4)]
  2347 | D:3      | Reached skill level 4 in Axes
  2418 | D:3      | Reached XP level 6. HP: 39/39 MP: 6/6
  3174 | D:4      | Found Kowaghux's Book Emporium.
  3238 | D:4      | Noticed a phantom
  3713 | D:4      | Killed a phantom
  3713 | D:4      | Reached skill level 5 in Fighting
  3713 | D:4      | Reached skill level 5 in Armour
  3713 | D:4      | Reached XP level 7. HP: 40/44 MP: 7/7
  3795 | D:4      | HP: 8/44 [ogre/+0 giant club (8)]
  4200 | D:4      | Found a blossoming altar of Fedhas.
  4202 | D:4      | Found an ancient bone altar of Kikubaaqudgha.
  4463 | D:4      | Found Kowaghux's Book Emporium.
  4490 | D:4      | Reached skill level 5 in Axes
  4737 | D:4      | Found a blossoming altar of Fedhas.
  4739 | D:4      | Found an ancient bone altar of Kikubaaqudgha.
  5005 | D:5      | Entered Level 5 of the Dungeon
  5316 | D:5      | Found a staircase to the Ecumenical Temple.
  5327 | Temple   | Entered the Ecumenical Temple
  5631 | D:5      | Found a transporter.
  5633 | D:5      | Found a transporter.
  5634 | D:5      | Noticed Irenicus's ghost (amateur DDEE)
  5705 | D:5      | HP: 10/45 [orc priest/+0 club (5)]
  6039 | D:5      | Reached XP level 8. HP: 51/51 MP: 8/8
  6079 | D:5      | Found an ornate altar of the Wu Jian Council.
  6081 | D:5      | Found a sparkling altar of Nemelex Xobeh.
  6624 | D:6      | HP: 10/51 [orc priest/divine providence (9)]
  6624 | D:6      | HP: 3/51 [wight/cursed +0 dire flail (7)]
  6624 | D:6      | Slain by a wight

Vanquished Creatures
  A sky beast (D:5)
  An ogre (D:4)
  A phantom (D:4)
  A hound (D:3)
  A gnoll shaman (D:5)
  2 orc priests (D:5)
  A bullfrog skeleton (D:5)
  An iguana (D:4)
  2 orc wizards (D:3)
  3 worker ants
  10 adders
  7 gnolls
  A white imp (D:5)
  An ooze (D:3)
  An adder skeleton (D:5)
  5 worms
  A leopard gecko (D:4)
  16 orcs
  5 ball pythons
  7 giant cockroaches
  9 goblins
  3 hobgoblins (D:1)
  11 jackals
  2 quokkas (D:3)
  8 bats
  14 frilled lizards
  12 kobolds
  A quokka skeleton (D:5)
  6 rats
134 creatures vanquished.

Vanquished Creatures (others)
  A plant (D:4)
  5 withered plants (D:4)
6 creatures vanquished.

Grand Total: 140 creatures vanquished
